 Dungeon Crawl Stone Soup version 0.22-a0-412-g2b68d14 (webtiles) character file.

597 Borgoz the Chopper (level 7, -1/44 HPs)
             Began as a Gargoyle Abyssal Knight on May 12, 2018.
             Was a Believer of Lugonu.
             Slain by a hound (2 damage)
             ... on level 4 of the Dungeon.
             The game lasted 00:08:21 (4179 turns).

Borgoz the Chopper (Gargoyle Abyssal Knight)        Turns: 4179, Time: 00:08:22

Health: -1/44      AC:  8    Str: 16    XL:     7   Next: 40%
Magic:  8/8        EV: 12    Int: 12    God:    Lugonu [**....]
Gold:   116        SH:  0    Dex: 15    Spells: 6/6 levels left

rFire    + . .     SeeInvis .   a - +1 hand axe
rCold    . . .     Gourm    .   (no shield)
rNeg     + . .     Faith    .   d - +0 leather armour {rF+}
rPois    ∞         Spirit   .   (no helmet)
rElec    +         Reflect  .   (no cloak)
rCorr    .         Harm     .   (no gloves)
MR       .....                  (no boots)
Stlth    ++........             (no amulet)
HPRegen  0.14/turn              h - +4 ring of dexterity
MPRegen  0.11/turn              (no ring)

@: no status effects
A: negative energy resistance 1, electricity resistance, unbreathing,
petrification resistance, rot immunity, AC +4
a: Depart the Abyss, Bend Space, Renounce Religion


You were on level 4 of the Dungeon.
You worshipped Lugonu.
Lugonu was pleased with you.
You were not hungry.

You visited 1 branch of the dungeon, and saw 4 of its levels.
You visited the Abyss 1 time.

You collected 116 gold pieces.

Inventory:

Hand Weapons
 a - a +1 hand axe (weapon)
Armour
 d - a +0 leather armour of fire resistance (worn)
Jewellery
 h - a +4 ring of dexterity (left hand)
Scrolls
 e - a scroll of magic mapping {unknown}
 g - 2 scrolls of remove curse {unknown}
 j - 2 scrolls of identify {unknown}
 k - a scroll of enchant armour {unknown}
 m - a scroll of noise {unknown}
 o - 3 scrolls of blinking {unknown}
 p - 2 scrolls of enchant weapon {unknown}
Potions
 b - 2 potions of degeneration {unknown}
 f - 2 potions of curing
 i - a potion of cancellation {unknown}
 l - a potion of flight {unknown}
 n - a potion of heal wounds {unknown}
Comestibles
 c - 4 rations
 q - 3 chunks of flesh


   Skills:
 + Level 5.0 Fighting
 + Level 5.0 Axes
 + Level 3.9 Armour
 + Level 2.3 Dodging
 + Level 1.2 Stealth
 + Level 2.2 Invocations


You had 6 spell levels left.
You didn't know any spells.
Your spell library was empty.

Dungeon Overview and Level Annotations

Branches:
Dungeon (4/15)
 Temple: D:4-7

Altars:
Makhleb
Okawaru


Innate Abilities, Weirdness & Mutations

You are resistant to torment.
Your stone body is resilient. (AC +4)
You are immune to poison.
You resist negative energy. (rN+)
You are resistant to electric shocks. (rElec)
You can survive without breathing.
You are immune to petrification.
You are immune to rotting.


Message History

* * * LOW HITPOINT WARNING * * *
The hound bites you but does no damage.
You barely miss the hound.
The hound is severely wounded.
The hound bites you.
* * * LOW HITPOINT WARNING * * *
Unknown command.
You miss the hound.
The hound is severely wounded.
The hound barely misses you.
The hound stops to sniff the ground.
The hound bites you.
* * * LOW HITPOINT WARNING * * *
You hit the hound.
The hound is almost dead.
The hound misses you.
You closely miss the hound.
The hound is almost dead.
The hound bites you.
You die...

#### ## #.. .#
#.###.#
#..h#.#
###@#.#
#####.#.######
#.............
#.###.#.#####.
#.#...#.......
#..)#.........
....#
###.....#####
...##
#)........#
......##
#....####.#


You could see a hound.

Vanquished Creatures
  A phantom (D:4)
  An ogre (D:4)
  A big kobold (D:2)
  A hound (D:3)
  3 orc priests
  Jessica (D:2)
  A worker ant (D:3)
  2 orc wizards
  4 adders
  An ooze (D:3)
  A worm (D:2)
  3 dart slugs
  2 leopard geckos (D:3)
  15 orcs
  7 bats
  4 giant cockroaches (D:3)
  6 goblins
  3 hobgoblins
  2 quokkas
  4 ball pythons
  4 frilled lizards
  6 kobolds
  8 rats
81 creatures vanquished.

Notes
Turn   | Place    | Note
-------+----------+-------------------------------------------
     0 | Abyss:1  | Borgoz the Gargoyle Abyssal Knight began the quest for the Orb.
     0 | Abyss:1  | Reached XP level 1. HP: 14/14 MP: 2/2
     2 | Abyss:1  | Found a corrupted altar of Lugonu.
    70 | Abyss:1  | Noticed an orange demon
    72 | D:1      | Escaped the Abyss
   175 | D:1      | Reached XP level 2. HP: 19/19 MP: 3/3
   268 | D:1      | Reached * piety under Lugonu
  1042 | D:2      | Reached XP level 3. HP: 24/24 MP: 4/4
  1356 | D:2      | Found an iron altar of Okawaru.
  1422 | D:2      | Reached skill level 1 in Dodging
  1423 | D:2      | Noticed a big kobold
  1447 | D:2      | Killed a big kobold
  1447 | D:2      | Reached XP level 4. HP: 8/29 MP: 5/5
  1447 | D:2      | Reached XP level 5. HP: 10/33 MP: 6/6
  2000 | D:2      | Noticed Jessica
  2010 | D:2      | Killed Jessica
  2513 | D:3      | Reached ** piety under Lugonu
  2912 | D:3      | Found a burning altar of Makhleb.
  2925 | D:3      | Reached XP level 6. HP: 34/38 MP: 7/7
  3329 | D:4      | Noticed an orc warrior
  3545 | D:4      | Reached skill level 1 in Stealth
  3575 | D:4      | Reached XP level 7. HP: 26/44 MP: 8/8
  4100 | D:4      | Reached skill level 5 in Fighting
  4100 | D:4      | Reached skill level 5 in Axes
  4177 | D:4      | HP: 1/44 [hound (3)]
  4179 | D:4      | Slain by a hound

Vault maps used:
D:1:      onia_arrival_mini_spirals, minmay_hedge_maze
D:2:      lemuel_crystal_altar, kennysheep_jessica_study
D:3:      makhleb_heckhound_becter
D:4:      temple_statues, first_ration, uniq_duvessa

Skill      XL: |  1  2  3  4  5  6  7 |
---------------+----------------------+-----
Axes           | 3 4 5 |  5.0
Armour         | 3 |  3.9
Dodging        | 1 2 |  2.3
Fighting       | 4 5 |  5.0
Stealth        | 1 |  1.2
Invocations    | |  2.2

Action                   |  1- 3 |  4- 6 |  7- 9 || total
-------------------------+-------+-------+-------++-------
Melee: Hand axe          |    98 |   131 |    95 ||   324
Invok: Depart the Abyss  |     1 |       |       ||     1
  Use: Potion            |       |       |     1 ||     1
 Stab: Sleeping          |       |     1 |       ||     1
  Eat: Chunk             |     2 |     7 |     2 ||    11
Armor: Leather armour    |    46 |    69 |    34 ||   149
Dodge: Dodged            |    60 |    95 |    64 ||   219

Table legend:
 A = Spawn XP
 B = Non-spawn XP
 C = Spawn XP percentage of total XP
 D = Spawn monster count
 E = Non-spawn monster count
 F = Spawn count percentage of total count
 G = Total turns spent on level
                    A         B        C        D         E        F      G
               +---------+---------+-------+---------+---------+-------+---------
         Total |       0 |     853 |   0.0 |       0 |      81 |   0.0 |  4179
               +---------+---------+-------+---------+---------+-------+---------
           D:1 |       0 |      26 |   0.0 |       0 |      20 |   0.0 |   961
           D:2 |       0 |     194 |   0.0 |       0 |      17 |   0.0 |  1351
           D:3 |       0 |     301 |   0.0 |       0 |      37 |   0.0 |  1561
           D:4 |       0 |     332 |   0.0 |       0 |       7 |   0.0 |   234
               +---------+---------+-------+---------+---------+-------+---------
